Map: Emerald City LE

Players

korlex

  • Race: Protoss Protoss
  • Spawn Location: 11:00

NERUS

  • Race: Protoss Protoss
  • League: Diamond
  • Spawn Location: 11:00

Massa - Winner!

  • Race: Terran Terran
  • League: Gold
  • Spawn Location: 5:00

qqq - Winner!

  • Race: Zerg Zerg
  • League: Platinum
  • Spawn Location: 5:00

VOD

Have the link to the VOD?

Description

Time

  • Played on: May 19, 2020, 2:52 p.m.
  • Length: 4:53
Show
View Real Time Build Order
Export as new Build Order

korlex Protoss 

Build Orders:  

Get SALT Encoding   

  12  0:01  Probe  
  13  0:13  Probe  
  14  0:21  Pylon  
  14  0:26  Assimilator  
  15  0:28  Probe  
  15  0:40  Probe (Chrono Boost)  
  16  0:45  Gateway  
  16  0:51  Assimilator  
  16  0:52  Probe (Chrono Boost)  
  17  1:01  Probe (Chrono Boost)  
  18  1:13  Gateway  
  18  1:17  Probe  
  19  1:32  Cybernetics Core  
  19  1:38  Probe  
  20  1:51  Nexus  
  20  1:57  Assimilator  
  20  2:09  Gateway  
  20  2:15  Zealot  
  22  2:23  Pylon  
  22  2:31  Probe  
  23  2:41  Sentry  
  25  2:45  Forge  
  25  2:47  Pylon  
  25  2:48  Probe, Warp Gate (Chrono Boost)  
  26  2:58  Sentry  
  28  3:02  Probe  
  29  3:15  Probe (Chrono Boost)  
  30  3:20  Gateway  
  30  3:22  Probe (Chrono Boost)  
  32  3:27  Probe (Chrono Boost)  
  32  3:32  Probe (Chrono Boost), Twilight Council  
  33  3:42  Photon Cannon  
  33  3:47  Probe x2  
  35  3:59  Probe  
  30  4:35  Pylon x2  
Show
View Real Time Build Order
Export as new Build Order

NERUS Protoss 

Build Orders: 1 Gate Expand, Phoenix Opening 

Get SALT Encoding   

  12  0:01  Probe  
  13  0:13  Probe  
  14  0:22  Pylon  
  14  0:26  Probe  
  15  0:41  Probe (Chrono Boost)  
  16  0:43  Gateway  
  16  0:53  Probe (Chrono Boost)  
  16  0:55  Assimilator  
  17  0:58  Probe (Chrono Boost)  
  18  1:07  Probe  
  19  1:31  Cybernetics Core  
  19  1:38  Nexus  
  19  1:41  Pylon  
  19  1:47  Assimilator  
  19  1:50  Probe (Chrono Boost)  
  20  2:00  Probe (Chrono Boost)  
  21  2:05  Probe (Chrono Boost)  
  22  2:16  Probe (Chrono Boost)  
  22  2:22  Warp Gate  
  23  2:25  Stargate  
  23  2:28  Probe (Chrono Boost)  
  24  2:32  Probe (Chrono Boost)  
  25  2:37  Stalker  
  28  2:44  Probe (Chrono Boost)  
  28  2:51  Probe (Chrono Boost)  
  30  3:00  Probe (Chrono Boost)  
  30  3:01  Probe (Chrono Boost)  
  31  3:06  Probe (Chrono Boost)  
  31  3:07  Probe, Twilight Council  
  33  3:13  Phoenix  
  33  3:18  Probe  
  33  3:19  Probe  
  37  3:30  Probe (Chrono Boost)  
  37  3:33  Assimilator  
  39  3:35  Probe (Chrono Boost)  
  39  3:37  Assimilator  
  40  3:42  Probe (Chrono Boost), Phoenix  
  40  3:46  Probe (Chrono Boost)  
  40  3:47  Probe (Chrono Boost)  
  44  3:55  Probe  
  45  3:56  Probe  
  46  4:15  Probe x2  
  46  4:28  Probe  
  46  4:29  Zealot  
Show
View Real Time Build Order
Export as new Build Order

Massa Terran - Winner!

Build Orders:  

Get SALT Encoding   

  12  0:12  Supply Depot  
  12  0:13  SCV  
  13  0:25  SCV  
  14  0:35  Barracks  
  14  0:37  SCV  
  15  0:49  SCV  
  16  0:57  Barracks  
  16  1:01  SCV  
  17  1:13  SCV, Supply Depot  
  18  1:25  SCV  
  19  1:37  SCV  
  20  1:49  Barracks  
  20  1:50  SCV  
  20  1:51  Marine x2  
  23  2:04  Barracks  
  23  2:08  Refinery  
  23  2:09  Marine x2  
  25  2:17  Supply Depot  
  25  2:20  Orbital Command  
  25  2:27  Marine x2  
  27  2:45  Marine x2  
  27  2:48  Marine  
  27  2:51  Marine  
  31  3:02  Marine  
  31  3:03  Marine  
  33  3:05  Marine  
  33  3:07  Supply Depot  
  33  3:08  Marine  
  35  3:18  Factory  
  35  3:20  Marine x2  
  35  3:23  Marine  
  35  3:26  Marine  
  39  3:38  Marine x2  
  41  3:41  Marine  
  41  3:44  Marine  
  41  3:45  Supply Depot  
  43  3:56  Marine x2  
  43  3:59  Marine  
  43  4:02  Marine  
  47  4:14  Marine x2  
  47  4:17  Marine  
  49  4:20  Marine  
  51  4:31  Marine  
  51  4:32  Marine  
  51  4:34  Marine  
Show
View Real Time Build Order
Export as new Build Order

qqq Zerg - Winner!

Build Orders: Hatch First 

Get SALT Encoding   

  12  0:04  Drone  
  13  0:10  Drone  
  14  0:36  Hatchery  
  14  0:39  Drone  
  14  0:56  Spawning Pool  
  13  1:02  Overlord  
  13  1:07  Drone  
  14  1:15  Extractor  
  14  1:16  Drone  
  14  1:23  Drone  
  15  1:39  Drone  
  16  1:40  Drone  
  16  1:46  Queen  
  19  1:47  Zergling x2  
  19  1:49  Drone  
  21  1:59  Queen  
  23  2:04  Zergling x2  
  23  2:06  Drone  
  25  2:09  Zergling x2  
  25  2:15  Drone  
  27  2:19  Overlord  
  27  2:26  Metabolic Boost  
  27  2:32  Zergling x2  
  28  2:37  Overlord  
  28  2:40  Drone  
  29  2:44  Zergling x2  
  29  2:47  Zergling x2  
  31  2:52  Zergling x2  
  31  2:54  Zergling x2  
  33  3:02  Zergling x4  
  33  3:05  Drone, Zergling x2  
  36  3:09  Zergling x2  
  38  3:18  Lair  
  38  3:20  Zergling x2  
  38  3:25  Drone  
  40  3:29  Zergling x2  
  40  3:32  Drone  
  42  3:35  Overlord  
  42  3:38  Zergling x2  
  43  3:45  Zergling x2  
  44  4:00  Zergling x6  
  44  4:01  Drone, Zergling x2  
  44  4:02  Zergling x2  
  49  4:06  Roach Warren  
  45  4:22  Zergling x10  
Tags
 
Add a new tag
Caveats
  • Supply blocks, unpowered buildings, or Contaminate may cause inaccurate times.
  • Supply counts are checked every 10 seconds.